 Dungeon Crawl Stone Soup version 0.31-a0-345-g1ebeae05c6 (webtiles) character file.

Game seed: 18429391251924903050

914 porpoise the Skirmisher (level 8, 0/49 HPs)
             Began as a Kobold Hunter on July 23, 2023.
             Slain by Pikel
             ... wielding a +2 whip of freezing
              (11 damage)
             ... on level 5 of the Dungeon.
             The game lasted 00:11:11 (4855 turns).

porpoise the Skirmisher (Kobold Hunter)             Turns: 4855, Time: 00:11:12

Health: 0/49       AC:  4    Str:  8    XL:     8   Next: 30%
Magic:  8/8        EV: 14    Int: 11    God:
Gold:   425        SH:  0    Dex: 20    Spells: 7/7 levels left

rFire   . . .        a - +1 shortbow
rCold   + . .        (shield currently unavailable)
rNeg    . . .        c - +0 leather armour
rPois   .            o - +0 helmet
rElec   .            (no cloak)
rCorr   .            (no gloves)
SInv    .            (no boots)
Will    .....        i - amulet of the acrobat
Stlth   ++++         x - ring of protection from cold
HPRegen 0.28/turn    (no ring)
MPRegen 0.11/turn

%: acrobat
@: no status effects
A: small, no large weapons, nightstalker 3
a: no special abilities


You were on level 5 of the Dungeon.
You visited 1 branch of the dungeon, and saw 5 of its levels.
You also visited: Sewer.

You collected 425 gold pieces.

Inventory:

Hand Weapons
 a - a +1 shortbow (weapon)
 b - the +5 whip "Dourrolu" {freeze, rPois rN+ Dex+3 SInv}
   (You found it on level 4 of the Dungeon)

   Dex:       It affects your dexterity (+3).
   rPois:     It protects you from poison.
   rN:        It protects you from negative energy.
   SInv:      It lets you see invisible.
 e - the +1 mace "Cyxtyurell" {drain, Dex+3}
   (You found it in a sewer)

   Dex:       It affects your dexterity (+3).
 v - a +3 trident
Missiles
 t - 5 boomerangs of dispersal
Armour
 c - a +0 leather armour (worn)
 o - a +0 helmet (worn)
Jewellery
 i - an amulet of the acrobat (around neck)
 x - a ring of protection from cold (left hand)
Scrolls
 d - a scroll of revelation
 f - a scroll of butterflies
 g - a scroll of teleportation
 k - a scroll of fog
 l - a scroll of silence {unknown}
 m - 6 scrolls of fear
 n - a scroll of blinking {unknown}
 p - a scroll of identify {unknown}
 q - a scroll of amnesia {unknown}
 u - a scroll of enchant armour {unknown}
 y - a scroll of poison {unknown}
 z - a scroll of noise
 A - a scroll of immolation {unknown}
Potions
 h - a potion of magic {unknown}
 j - 2 potions of berserk rage {unknown}
 r - 3 potions of mutation {unknown}
 s - 2 potions of curing {unknown}
 w - a potion of enlightenment {unknown}


   Skills:
 + Level 5.2 Fighting
 * Level 9.9 Ranged Weapons
 - Level 2.4 Dodging
 + Level 6.3 Stealth


You had 7 spell levels left.
You didn't know any spells.
Your spell library contained the following spells:

 Spells                   Type           Power      Damage    Failure   Level
 Ensorcelled Hibernation  Hex/Ice        0%         N/A       61%         2
 Passwall                 Tmut/Erth      0%         N/A       61%         2
 Swiftness                Air            0%         N/A       83%         3


Dungeon Overview and Level Annotations

Branches:
Dungeon (5/15)              Sewer (visited)
 Temple: D:4-7

Altars:
Cheibriados
Okawaru
Sif Muna
Vehumet

Shops:
D:1 =

Annotations:
D:5 Pikel


Innate Abilities, Weirdness & Mutations

You are small and have problems with some larger weapons.
You are completely attuned to the shadows.


Message History

You shoot an arrow.
The arrow hits the lemure but does no damage.
The lemure hits you.
You shoot an arrow. The arrow hits the lemure.
The lemure is moderately wounded.
You shoot an arrow. The arrow closely misses the lemure.
The arrow hits the lemure.
The lemure is heavily wounded.
The lemure barely misses you.
You shoot an arrow. The arrow barely misses the lemure.
The arrow hits Pikel!
Pikel is moderately wounded.
You hear a shout!
The lemure barely misses you.
A lemure comes into view.
You shoot an arrow. The arrow hits the lemure.
The lemure is moderately wounded.
You shoot an arrow.
The arrow hits Pikel but does no damage.
Pikel is moderately wounded.
You shoot an arrow. The arrow hits Pikel.
Pikel is heavily wounded.
Pikel hits you with a +2 whip of freezing!
You shoot an arrow. The arrow closely misses Pikel.
The arrow closely misses the lemure.
The arrow hits the lemure.
The lemure is heavily wounded.
You hear a shout!
Pikel zaps a wand.
The bolt of light hits you!
You are confused.
A lemure comes into view.
You bump into the rock wall.
Pikel zaps a wand.
The bolt of light hits you!
You bump into the rock wall.
You feel less confused.
Pikel hits you with a +2 whip of freezing!
* * * LOW HITPOINT WARNING * * *
Pikel freezes you.
* * * LOW HITPOINT WARNING * * *
You shoot an arrow. The arrow hits Pikel!
Pikel is heavily wounded.
Pikel hits you with a +2 whip of freezing!
You die...

#. #.##.# ##.....###........#
#.##.##.###.......##..##....#
#.......##.........#..#.....###
###.......+.........+...........
#......####.........#.##...#.#..
#)#...## ##........#...........
#...### ##.....#....###....##
##.## ##...####.#...#..#.. #.#
##@## #.#.⌠.#..#.⌠ ###.## #K#
#.# ..#~~#.. .....# #5# #.~
#≈≈≈~## .##..# #5# ≈≈≈≈≈~≈≈
.##..#### 55. ≈≈≈≈≈≈≈≈ .##......
..... #.~###~≈≈≈## .###.####
....... #.#...#≈≈#.. .# #.#
#.#.⌠.#..#.⌠ .###.#
###.#...#..#..


You could see Pikel and 4 lemures.

Vanquished Creatures
  A water moccasin (Sewer)
  An ice beast (D:5)
  A black bear (D:5)
  An ogre (D:3)
  2 jellies (D:5)
  2 hounds
  A sleepcap (D:5)
  An orc priest (D:4)
  Jessica (D:3)
  3 iguanas (D:4)
  An orc wizard (D:4)
  Terence (D:3)
  Robin (D:2)
  8 adders
  An ufetubus (D:5)
  2 worms
  4 dart slugs
  14 orcs
  6 ball pythons
  2 bats
  4 endoplasms
  3 giant cockroaches
  17 goblins
  6 hobgoblins
  5 jackals
  10 quokkas
  3 frilled lizards
  8 kobolds
  8 rats
118 creatures vanquished.

Notes
Turn   | Place    | Note
-------+----------+-------------------------------------------
     0 | D:1      | porpoise the Kobold Hunter began the quest for the Orb.
     0 | D:1      | Reached XP level 1. HP: 12/12 MP: 1/1
   280 | D:1      | Reached XP level 2. HP: 18/18 MP: 2/2
   291 | D:1      | Found Kesatice's Jewellery Emporium.
   857 | D:2      | Reached skill level 6 in Ranged Weapons
   857 | D:2      | Reached XP level 3. HP: 14/22 MP: 3/3
   952 | D:2      | Found a faded altar of an unknown god.
  1041 | D:2      | Noticed Robin
  1046 | D:2      | Killed Robin
  1047 | D:2      | Reached XP level 4. HP: 18/27 MP: 4/4
  2086 | D:3      | Reached XP level 5. HP: 24/32 MP: 5/5
  2124 | D:3      | Found a glowing drain.
  2128 | Sewer    | Entered a sewer
  2181 | Sewer    | Noticed a water moccasin
  2190 | Sewer    | Killed a water moccasin
  2191 | Sewer    | Reached skill level 7 in Ranged Weapons
  2191 | Sewer    | Reached XP level 6. HP: 29/37 MP: 6/6
  2235 | Sewer    | Identified the +1 mace "Cyxtyurell" {drain, Dex+3}
  2300 | D:3      | Noticed Terence
  2312 | D:3      | Killed Terence
  2414 | D:3      | Noticed Jessica
  2417 | D:3      | Killed Jessica
  2536 | D:3      | Noticed an ogre
  2537 | D:3      | Found a snail-covered altar of Cheibriados.
  2548 | D:3      | Killed an ogre
  2549 | D:3      | Reached skill level 8 in Ranged Weapons
  2549 | D:3      | Reached XP level 7. HP: 16/43 MP: 7/7
  2766 | D:3      | Found a radiant altar of Vehumet.
  2969 | D:4      | Identified the +5 whip "Dourrolu" {freeze, rPois rN+ Dex+3
                  | SInv}
  3231 | D:4      | Reached skill level 5 in Stealth
  3466 | D:4      | Found a shimmering blue altar of Sif Muna.
  3537 | D:4      | Reached skill level 9 in Ranged Weapons
  3865 | D:5      | Entered Level 5 of the Dungeon
  3991 | D:5      | Found an iron altar of Okawaru.
  4032 | D:5      | Reached XP level 8. HP: 45/48 MP: 8/8
  4180 | D:5      | Reached skill level 5 in Fighting
  4844 | D:5      | Noticed Pikel
  4855 | D:5      | Slain by Pikel

Illustrated notes

Levels and vault maps discovered:
D:1:      saegor_arrival_simple_e, layout_loops_ring, serial_shops,
          shop_fountains
D:2:      layout_basic, dreamdust_ecumenical_altar_grove, uniq_robin
D:3:      layout_rooms, mainiacjoe_overflow_tiny_flanked,
          mainiacjoe_overflow_cross_hatched, gup_sewer_entry_bowl,
          kennysheep_jessica_study, uniq_terence
D:4:      layout_basic, lemuel_blue_sif_altar
D:5:      layout_loops_corners, mainiacjoe_overflow_small_starburst,
          minmay_misc_feat_tiny, corexii_checkpoint_b, fountainhead, uniq_pikel

Skill      XL: |  1  2  3  4  5  6  7  8 |
---------------+-------------------------+-----
Stealth        | 2 3 4 5 6 |  6.3
Ranged Weapons | 6 7 8 9 |  9.9
Fighting       | 3 4 5 |  5.2
Dodging        | |  2.4

Action                     |  1- 3 |  4- 6 |  7- 9 || total
---------------------------+-------+-------+-------++-------
   Fire: Shortbow          |    80 |   130 |   186 ||   396
    Use: Scroll            |       |     7 |       ||     7
 Armour: Leather armour    |     2 |    21 |    25 ||    48
  Dodge: Dodged            |    20 |    72 |    82 ||   174

Table legend: (Time is in decaauts)
 A = Elapsed time spent in this place.
 B = Non-inter-level travel time spent in this place.
 C = Inter-level travel time spent in this place.
 D = Time resting spent in this place.
 E = Time spent auto-exploring this place.
 F = Levels seen in this place.
 G = Mean time per level.
                   A        B        C        D        E       F      G
               +--------+--------+--------+--------+--------+-----+--------+
         Total |   4903 |   4762 |    141 |    749 |   3142 |   6 |  817.2 |
       Dungeon |   4739 |   4598 |    141 |    721 |   3090 |   5 |  947.8 |
         Sewer |    164 |    164 |      0 |     28 |     51 |   1 |  164.0 |
               +--------+--------+--------+--------+--------+-----+--------+

Top non-repeatable levels by time:
     D:2: 1232 daAuts
     D:5: 989 daAuts
     D:4: 899 daAuts
     D:1: 816 daAuts
     D:3: 801 daAuts
   Sewer: 164 daAuts
